 Dungeon Crawl Stone Soup version 0.28.0 (webtiles) character file.

Game seed: 16310053446528253231

1376 ju1c3 the Cleaver (level 8, -5/70 HPs)
             Began as a Hill Orc Fighter on Feb 18, 2022.
             Slain by a troll (12 damage)
             ... on level 6 of the Dungeon.
             The game lasted 00:26:30 (6483 turns).

ju1c3 the Cleaver (Hill Orc Fighter)                Turns: 6483, Time: 00:26:30

Health: -5/70      AC:  7    Str: 19 (21) XL:     8   Next: 66%
Magic:  8/8        EV:  9    Int:  6 (8)  God:
Gold:   305        SH:  0    Dex:  9 (10) Spells: 7/7 levels left

rFire   + + .      SeeInvis .   e - +0 battleaxe
rCold   + . .      Faith    .   (shield currently unavailable)
rNeg    . . .      Spirit   .   b - +0 scale mail
rPois   .          Reflect  .   (no helmet)
rElec   .          Harm     .   d - scarf {rC+ rF+}
rCorr   +          Rampage  .   (no gloves)
Will    .....                   (no boots)
Stlth   ..........              (no amulet)
HPRegen 0.21/turn               k - ring of resist corrosion
MPRegen 0.11/turn               g - ring of protection from fire

@: no status effects
A: no striking features
a: no special abilities


You were on level 6 of the Dungeon.
You visited 1 branch of the dungeon, and saw 6 of its levels.

You collected 305 gold pieces.

Inventory:

Hand Weapons
 a - a +0 war axe
 e - a +0 battleaxe (weapon)
 o - a +2 vorpal hand axe
Missiles
 f - 2 throwing nets (quivered)
Armour
 b - a +0 scale mail (worn)
 d - a scarf of resistance (worn)
Jewellery
 c - a ring of see invisible
 g - a ring of protection from fire (right hand)
 i - a ring of wizardry
 k - a ring of resist corrosion (left hand)
 p - a +6 ring of intelligence
 u - a ring of willpower
Wands
 h - a wand of digging (5)
 j - a wand of iceblast (10)
Potions
 l - a potion of flight
 m - a potion of attraction {unknown}


   Skills:
 + Level 6.1 Fighting
 * Level 11.3 Axes
 + Level 5.6 Armour
 - Level 3.2 Shields


You had 7 spell levels left.
You didn't know any spells.
Your spell library contained the following spells:

 Spells                   Type           Power      Damage    Failure   Level
 Magic Dart               Conj           0%         1d3       80%         1
 Searing Ray              Conj           0%         2d4       91%         2
 Conjure Flame            Conj/Fire      0%         6-21      99%         3
 Ignite Poison            Fire/Tmut/Pois 0%         N/A       99%         3
 Fulminant Prism          Conj/Hex       0%         3d6       100%        4
 Sticky Flame             Conj/Fire      0%         2d3       100%        4


Dungeon Overview and Level Annotations

Branches:
Dungeon (6/15)
 Temple: D:4-7

Altars:
Cheibriados

Shops:
D:5 :[   D:6 (

Annotations:
D:3 Crystal wall (gold)


Message History

You hear the sound of rushing water.
There is an entrance to a sewer on this level.
Hurry and find it before the portal rusts away!
You hear the rapid rusting of a very distant drain.
Found 14 gold pieces.
There is a stone staircase leading up here.
You aren't carrying any scrolls.
You now have 296 gold pieces (gained 5).
You now have 305 gold pieces (gained 9).
A troll comes into view.
The troll shouts!
The troll bites you. The troll barely misses you. The troll claws you.
You hit the troll.
The troll is lightly wounded.
The troll bites you! The troll closely misses you.
The troll claws you but does no damage. The troll bites you!
The troll misses you. x2
You hit the troll but do no damage.
The troll is lightly wounded.
The troll bites you. The troll claws you but does no damage.
The troll claws you!
Okay, then.
You aren't carrying any scrolls.
Unknown command.
You closely miss the troll.
The troll is lightly wounded.
The troll bites you but does no damage. The troll claws you!
The troll claws you but does no damage.
You slash the troll!
The troll is moderately wounded.
The troll bites you!
* * * LOW HITPOINT WARNING * * *
The troll claws you!
* * * LOW HITPOINT WARNING * * *
The troll claws you but does no damage.
There is a stone staircase leading up here.
It was a potion of degeneration.
There was something very wrong with that liquid.
You feel weakened.
You feel dopey.
You feel clumsy. The troll bites you!
You die...

.# #####.#
##...#.#
#.@....##.
#.T.......
#<....####
##...##
#..## #..#
#..# ###
#..# #.#
#..###.#


You could see a troll.

Vanquished Creatures
  A water moccasin (D:6)
  A sky beast (D:6)
  3 ogres
  A kobold brigand (D:4)
  A bullfrog (D:6)
  A water moccasin zombie (D:5)
  A water moccasin skeleton (D:4)
  3 hounds (D:5)
  A bullfrog skeleton (D:4)
  A gnoll shaman (D:4)
  3 orc priests
  4 iguanas
  2 orc wizards
  7 adders
  8 gnolls
  An adder skeleton (D:4)
  2 worms (D:3)
  5 dart slugs
  17 orcs
  11 bats
  7 endoplasms
  8 giant cockroaches
  7 goblins
  10 hobgoblins
  6 jackals
  4 quokkas
  8 ball pythons
  7 frilled lizards
  6 kobolds
  4 rats
141 creatures vanquished.

Vanquished Creatures (others)
  44 plants
44 creatures vanquished.

Grand Total: 185 creatures vanquished

Notes
Turn   | Place    | Note
-------+----------+-------------------------------------------
     0 | D:1      | ju1c3 the Hill Orc Fighter began the quest for the Orb.
     0 | D:1      | Reached XP level 1. HP: 19/19 MP: 1/1
    55 | D:1      | Reached skill level 3 in Axes
   174 | D:1      | Reached XP level 2. HP: 25/26 MP: 2/2
   186 | D:1      | Reached skill level 4 in Axes
   482 | D:1      | Reached XP level 3. HP: 27/31 MP: 3/3
   880 | D:1      | Reached skill level 5 in Axes
  1214 | D:2      | Reached XP level 4. HP: 3/39 MP: 4/4
  1528 | D:2      | Reached skill level 6 in Axes
  1659 | D:2      | Reached XP level 5. HP: 21/45 MP: 5/5
  2035 | D:2      | Reached skill level 7 in Axes
  2250 | D:2      | Found a faded altar of an unknown god.
  2762 | D:3      | Noticed an ogre
  2772 | D:3      | Killed an ogre
  2773 | D:3      | Reached skill level 8 in Axes
  2773 | D:3      | Reached XP level 6. HP: 43/51 MP: 6/6
  3667 | D:4      | Found the +9 heavy crossbow "Sniper" {vorpal, Acc+∞ SInv}
  3691 | D:4      | Reached skill level 9 in Axes
  3691 | D:4      | Reached XP level 7. HP: 33/59 MP: 7/7
  5077 | D:5      | Entered Level 5 of the Dungeon
  5077 | D:5      | Found Ypeinoca's Armour Shop.
  5303 | D:5      | Reached skill level 5 in Fighting
  5303 | D:5      | Reached skill level 10 in Axes
  5404 | D:5      | Reached XP level 8. HP: 68/68 MP: 8/8
  5409 | D:5      | Found Silimmim's Book Shoppe.
  5659 | D:5      | Reached skill level 5 in Armour
  5869 | D:6      | Found Hecwy's Antique Weapon Boutique.
  5900 | D:6      | Found a snail-covered altar of Cheibriados.
  6063 | D:6      | Reached skill level 11 in Axes
  6463 | D:6      | Noticed a troll
  6483 | D:6      | Slain by a troll

Illustrated notes

Levels and vault maps discovered:
D:1:      matt_arrival_refuge, layout_loops_ring
D:2:      layout_loops_cross, chequers_ecumenical_altar_grove, serial_bayou,
          serial_bayou_lake_a, serial_bayou_crossing, serial_bayou_pond_c,
          serial_bayou_pond_d, serial_bayou_pond_d, minmay_worlds_worst_comb
D:3:      layout_basic, minmay_surrounded
D:4:      layout_cave_pools
D:5:      layout_basic, serial_shops, nicolae_shop_trees, shop
D:6:      layout_loops_ring, nicolae_elyvilon_temple_path,
          mainiacjoe_overflow_concentric_impassable, serial_shops,
          nicolae_shop_overgrown_old_shop, portal_sewer_entry_b,
          hellmonk_guarded_unrand_lears

Skill      XL: |  1  2  3  4  5  6  7  8 |
---------------+-------------------------+-----
Axes           | 3 4 5 6 8 9 10 11 | 11.3
Fighting       | 4 5 6 |  6.1
Armour         | 4 5 |  5.6
Shields        | |  3.2

Action                   |  1- 3 |  4- 6 |  7- 9 || total
-------------------------+-------+-------+-------++-------
Melee: War axe           |   107 |   166 |    91 ||   364
       Punch             |     2 |     5 |       ||     7
       Battleaxe         |       |       |    35 ||    35
  Use: Potion            |       |     3 |     5 ||     8
       Scroll            |       |       |     7 ||     7
Armor: Scale mail        |    54 |    79 |    46 ||   179
Dodge: Dodged            |    61 |    83 |    67 ||   211
